 Dungeon Crawl Stone Soup version 0.20-a0-738-gb057e68 (webtiles) character file.

63 polly the Slasher (level 3, -3/27 HPs)
             Began as a Demonspawn Gladiator on Feb 24, 2017.
             Slain by an orc (4 damage)
             ... on level 3 of the Dungeon.
             The game lasted 00:01:42 (1706 turns).

polly the Slasher (Demonspawn Gladiator)            Turns: 1706, Time: 00:01:43

Health: -3/27      AC:  4    Str: 15    XL:     3   Next: 87%
Magic:  3/3        EV: 13    Int:  9    God:
Gold:   121        SH:  0    Dex: 14    Spells: 2/2 levels left

rFire    . . .     SeeInvis .   a - +0 long sword
rCold    + . .     Gourm    .   b - +0 leather armour
rNeg     . . .     Faith    .   (no shield)
rPois    .         Spirit   .   c - +0 helmet
rElec    .         Reflect  .   (no cloak)
rCorr    .         Harm     .   (no gloves)
MR       .....                  (no boots)
Stlth    +.........             (no amulet)
Regen    0.1/turn               (no ring)
MPRegen  0.1/turn               (no ring)

@: no status effects
A: cold resistance 1
a: no special abilities


You were on level 3 of the Dungeon.
You were hungry.

You visited 1 branch of the dungeon, and saw 3 of its levels.

You collected 121 gold pieces.

Inventory:

Hand Weapons
 a - a +0 long sword (weapon)
Missiles
 d - 3 throwing nets (quivered)
Armour
 b - a +0 leather armour (worn)
 c - a +0 helmet (worn)
Jewellery
 e - an uncursed ring of resist corrosion {unknown}
Scrolls
 g - 2 scrolls of fog {unknown}
 i - a scroll of teleportation {unknown}
 l - a scroll of identify {unknown}
 o - a scroll of noise {unknown}
 q - a scroll of random uselessness {unknown}
 r - 2 scrolls of remove curse {unknown}
Potions
 h - a potion of curing
 j - a potion of resistance {unknown}
 k - a potion of flight {unknown}
 p - a potion of heal wounds {unknown}
Comestibles
 f - 4 bread rations
 m - a royal jelly
 n - 3 fruits


   Skills:
 + Level 2.1 Fighting
 + Level 3.6 Long Blades
 + Level 2.0 Throwing
 + Level 1.0 Armour
 + Level 2.9 Dodging
 + Level 0.8 Stealth


You had 2 spell levels left.
You didn't know any spells.

Dungeon Overview and Level Annotations

Branches:
Dungeon (3/15)

Altars:


Innate Abilities, Weirdness & Mutations

Your flesh is cold resistant. (rC+)


Message History

You are too injured to fight recklessly!
You are too injured to fight recklessly!
You are too injured to fight recklessly!
You are too injured to fight recklessly!
You are too injured to fight recklessly!
You are too injured to fight recklessly!
You are too injured to fight recklessly!
Unknown command.
You barely miss the orc wizard. The orc wizard barely misses you.
The orc misses you. The orc hits you but does no damage.
The orc wizard casts a spell at you. The puff of frost hits you! You resist.
* * * LOW HITPOINT WARNING * * *
The orc barely misses you.
You hit the orc.
The orc is almost dead.
The orc barely misses you. The orc wizard hits you with a dagger.
* * * LOW HITPOINT WARNING * * *
The orc hits you.
You die...

#.<####..#....###.....
####...##..##............
#.........## ....####....
#.......### ...##
#......## ..# #.?(...# .#
#......######
#.......#)..#...
####.?..@o...#
#.....oo....#
#...........#
#............(
##............
##...#...#### #########


You could see an orc wizard and 2 orcs.

Vanquished Creatures
  An adder (D:3)
  3 worms (D:2)
  A dart slug (D:2)
  2 leopard geckos (D:2)
  2 orcs (D:3)
  5 hobgoblins
  3 kobolds
  7 bats
  3 frilled lizards (D:1)
  5 goblins
  10 rats
42 creatures vanquished.

Notes
Turn   | Place    | Note
-------+----------+-------------------------------------------
     0 | D:1      | polly the Demonspawn Gladiator began the quest for the Orb.
     0 | D:1      | Reached XP level 1. HP: 16/16 MP: 1/1
   134 | D:1      | Gained mutation: Your flesh is cold resistant. (rC+) [demonic ancestry]
   134 | D:1      | Reached XP level 2. HP: 22/22 MP: 2/2
   144 | D:1      | Reached skill level 3 in Long Blades
   776 | D:2      | Reached XP level 3. HP: 25/27 MP: 3/3
  1552 | D:3      | Reached skill level 1 in Armour
  1706 | D:3      | HP: 1/27 [orc wizard/dagger (3)]
  1706 | D:3      | Slain by an orc

Vault maps used:
D:1:      dpeg_arrival_pits
D:3:      grunt_temple_overflow_lords_of_destruction, first_bread, st_stairs_14,
          nicolae_qazlal_general_emergency

Skill      XL: |  1  2  3 |
---------------+----------+-----
Throwing       | 2 |  2.0
Long Blades    | 3 |  3.6
Armour         | 1 |  1.0
Fighting       | |  2.1
Dodging        | |  2.9
Stealth        | |  0.8

Action                   || total
-------------------------++-------
Melee: Long sword        ||   116
  Use: Potion            ||     1
 Stab: Sleeping          ||     6
  Eat: Chunk             ||     2
Armor: Leather armour    ||    46
Dodge: Dodged            ||   103
       Rpst.: Long sword ||    24
